 Dungeon Crawl Stone Soup version 0.22.1 (webtiles) character file.

20269 Fang the Cleaver (level 12, -8/117 HPs)
             Began as a Gargoyle Berserker on Sept 17, 2018.
             Was the Champion of Trog.
             Mangled by a freezing wraith (11 damage)
             ... in an ice cave.
             The game lasted 00:20:56 (13968 turns).

Fang the Cleaver (Gargoyle Berserker)              Turns: 13968, Time: 00:20:56

Health: -8/117     AC: 17    Str: 39    XL:     12   Next: 77%
Magic:  12/12      EV: 15    Int:  8    God:    Trog [******]
Gold:   690        SH:  0    Dex:  9    Spells: 11/11 levels left

rFire    . . .     SeeInvis .   f - +3 war axe (flame)
rCold    + . .     Gourm    .   (no shield)
rNeg     + + .     Faith    +   z - +2 robe {rN+}
rPois    ∞         Spirit   .   q - +2 hat
rElec    +         Reflect  .   (no cloak)
rCorr    .         Harm     .   j - +1 pair of gloves {Str+3}
MR       .....                  (no boots)
Stlth    ..........             b - amulet of faith
HPRegen  0.29/turn              I - ring of protection from cold
MPRegen  0.13/turn              t - +5 ring of strength

@: berserking, slowed
A: negative energy resistance 1, electricity resistance, unbreathing,
petrification resistance, rot immunity, AC +8
a: Berserk, Trog's Hand, Brothers in Arms, Renounce Religion


You were in an ice cave.
You worshipped Trog.
Trog was exalted by your worship.
You were not hungry.

You visited 3 branches of the dungeon, and saw 15 of its levels.
You also visited: Ice Cave.

You collected 690 gold pieces.

Inventory:

Hand Weapons
 f - a +3 war axe of flaming (weapon)
 h - a +0 trident
 B - a +3 battleaxe
 G - a +5 antimagic battleaxe
Armour
 j - a +1 pair of gloves of strength (worn)
 q - a +2 hat (worn)
 z - a +2 robe of positive energy (worn)
Jewellery
 b - an amulet of faith (around neck)
 g - an uncursed ring of resist corrosion
 o - an uncursed ring of ice
 t - a +5 ring of strength (right hand)
 A - an uncursed ring of fire
 C - a +3 ring of intelligence
 F - an uncursed ring of see invisible
 I - a ring of protection from cold (left hand)
Wands
 i - a wand of clouds (4)
 m - a wand of random effects (29)
 u - a wand of iceblast (7)
 v - a wand of enslavement (18)
 x - a wand of polymorph (16)
 y - a wand of flame (20)
 H - a wand of acid (8)
Scrolls
 k - 5 scrolls of remove curse
 l - 7 scrolls of teleportation
 D - 3 scrolls of identify
Potions
 a - 3 potions of brilliance
 d - 3 potions of haste
 e - 4 potions of curing
 n - 3 potions of might
 p - 2 potions of lignification
 r - 3 potions of flight
 s - 2 potions of agility
 w - 4 potions of cancellation
 E - a potion of resistance
 J - a potion of mutation {unknown}
 K - a potion of ambrosia {unknown}
 L - a potion of heal wounds {unknown}
Comestibles
 c - 20 rations


   Skills:
 + Level 10.5 Fighting
 + Level 13.5 Axes
 + Level 0.2(9.0) Polearms
 + Level 4.0 Armour
 + Level 7.8 Dodging
 + Level 7.3 Stealth


You had 11 spell levels left.
You didn't know any spells.
Your spell library was empty.

Dungeon Overview and Level Annotations

Branches:
Dungeon (11/15)            Temple (1/1) D:7            Lair (3/6) D:10
 Spider (0/4) Lair:2          Orc (0/2) D:9
  Swamp: Lair:2-4    Shoals: Lair:2-4

Altars:
Ashenzari
Cheibriados
Elyvilon
Hepliaklqana
Kikubaaqudgha
Okawaru
Sif Muna
Uskayaw
Vehumet
Yredelemnul
Zin
The Shining One
Beogh

Shops:
D:5 ?   D:9 %

Annotations:
Lair:1 1 runed door, bande's ghost, journeyman GrFi
Lair:2 exclusions: ice statue and oklob plant


Innate Abilities, Weirdness & Mutations

You are resistant to torment.
Your stone body is resilient. (AC +8)
You are immune to poison.
You resist negative energy. (rN+)
You are resistant to electric shocks. (rElec)
You can survive without breathing.
You are immune to petrification.
You are immune to rotting.


Message History

You feel yourself moving faster!
You feel mighty!
You feel a lot more hungry.
The freezing wraith hits you but does no damage. x2
The freezing wraith barely misses you. x2
You barely miss the freezing wraith.
You hit the freezing wraith but do no damage.
The freezing wraith hits you. The freezing wraith freezes you! You resist.
* * * LOW HITPOINT WARNING * * *
The freezing wraith hits you!
* * * LOW HITPOINT WARNING * * *
The freezing wraith hits you but does no damage. x2
You slash the freezing wraith! You burn the freezing wraith.
The freezing wraith is moderately damaged.
You slash the freezing wraith! You burn the freezing wraith!
The freezing wraith hits you!
* * * LOW HITPOINT WARNING * * *
The freezing wraith freezes you! You resist.
* * * LOW HITPOINT WARNING * * *
The freezing wraith hits you but does no damage. x2
The freezing wraith hits you!
You die...

#### #...#
.... #..#
#...##
#.WW##
#.@.##
##...#
##..##
######..#
##...###.##
##.....##..#
#...#...#..#
#..####....#
##..# ##...#


You could see 2 freezing wraiths.

Vanquished Creatures
  Erica (D:8)
  A two-headed ogre (D:8)
  A lindwurm (Lair:3)
  Psyche (D:8)
  4 spiny frogs
  3 freezing wraiths
  2 rime drakes
  A komodo dragon (Lair:2)
  An efreet (D:10)
  2 ice devils (Lair:3)
  2 trolls
  3 polar bears (Lair:2)
  8 blink frogs
  6 hippogriffs
  2 wyverns
  13 yaks
  Grum (D:8)
  A steam dragon (Lair:2)
  6 water moccasins
  6 orc warriors
  7 porcupines
  16 ice beasts
  2 sky beasts
  A phantom (D:10)
  2 ogres
  2 wolves (D:8)
  3 centaurs
  9 crocodiles
  2 big kobolds
  13 bullfrogs
  5 scorpions
  8 wights
  5 killer bees (D:9)
  An elephant simulacrum (IceCv)
  An electric eel (Lair:1)
  A howler monkey (D:4)
  5 crimson imps
  A quasit (D:9)
  A centaur zombie (D:6)
  3 jellies
  3 hounds
  5 orc priests
  8 orc wizards
  A bullfrog skeleton (D:4)
  3 centaur skeletons
  3 iguanas
  7 worker ants
  7 hell rats (Lair:3)
  3 polar bear simulacra (IceCv)
  A killer bee zombie (D:7)
  A hound zombie (D:5)
  2 hound skeletons
  A howler monkey skeleton (D:6)
  5 gnolls (D:8)
  14 adders
  2 shadow imps
  5 white imps (IceCv)
  2 oozes
  2 adder skeletons (D:4)
  An adder zombie (D:10)
  5 worms
  2 dart slugs
  5 leopard geckos
  39 orcs
  3 ball pythons
  5 bats
  4 giant cockroaches
  13 hobgoblins
  2 jackals (D:5)
  3 quokkas
  7 frilled lizards
  12 goblins
  A jackal skeleton (D:6)
  12 kobolds
  A leopard gecko skeleton (D:4)
  A quokka zombie (D:7)
  7 rats
  2 fungi (Lair:1)
  2 plants
355 creatures vanquished.

Vanquished Creatures (collateral kills)
  A hydra (Lair:2)
1 creature vanquished.

Vanquished Creatures (others)
  5 fungi
  9 plants
14 creatures vanquished.

Grand Total: 370 creatures vanquished

Notes
Turn   | Place    | Note
-------+----------+-------------------------------------------
     0 | D:1      | Fang the Gargoyle Berserker began the quest for the Orb.
     0 | D:1      | Reached XP level 1. HP: 14/14 MP: 1/1
    94 | D:1      | Reached XP level 2. HP: 18/19 MP: 2/2
   117 | D:1      | Reached skill level 3 in Axes
   605 | D:2      | Reached XP level 3. HP: 24/24 MP: 3/3
   750 | D:2      | Found an ancient bone altar of Kikubaaqudgha.
   752 | D:2      | Reached ** piety under Trog
  1553 | D:2      | Reached XP level 4. HP: 19/29 MP: 4/4
  1931 | D:3      | Noticed a big kobold
  1949 | D:3      | Reached skill level 4 in Axes
  2011 | D:3      | Reached skill level 1 in Stealth
  2321 | D:3      | Reached XP level 5. HP: 20/33 MP: 5/5
  2526 | D:3      | Killed a big kobold
  2928 | D:3      | Reached *** piety under Trog
  2957 | D:3      | Found a hazy altar of Hepliaklqana.
  3099 | D:3      | Found a white marble altar of Elyvilon.
  3219 | D:4      | Reached XP level 6. HP: 33/39 MP: 6/6
  3271 | D:4      | Reached skill level 5 in Axes
  3282 | D:4      | Reached XP level 7. HP: 16/44 MP: 7/7
  3815 | D:4      | Found a basalt altar of Yredelemnul.
  3847 | D:5      | Entered Level 5 of the Dungeon
  3878 | D:5      | Found a glowing golden altar of the Shining One.
  4346 | D:5      | Found Byclo's Magic Scroll Shop.
  4395 | D:5      | Found a radiant altar of Vehumet.
  4424 | D:5      | Reached skill level 6 in Axes
  4527 | D:5      | Found a shattered altar of Ashenzari.
  4528 | D:5      | Found a glowing silver altar of Zin.
  4756 | D:6      | Reached skill level 5 in Fighting
  5240 | D:6      | Reached XP level 8. HP: 43/49 MP: 8/8
  5377 | D:6      | Reached **** piety under Trog
  5626 | D:6      | Reached skill level 7 in Axes
  5963 | D:7      | Reached XP level 9. HP: 55/55 MP: 9/9
  5988 | D:7      | Reached skill level 5 in Dodging
  6218 | D:7      | Reached skill level 8 in Axes
  6482 | D:7      | Found a hide-covered altar of Uskayaw.
  6709 | D:7      | Found a staircase to the Ecumenical Temple.
  6911 | Temple   | Entered the Ecumenical Temple
  6988 | D:7      | Found a deep blue altar of Sif Muna.
  7233 | D:8      | Found a snail-covered altar of Cheibriados.
  7271 | D:8      | Noticed Psyche
  7278 | D:8      | Killed Psyche
  7278 | D:8      | Reached skill level 9 in Axes
  7624 | D:8      | Noticed Erica
  7634 | D:8      | Reached ***** piety under Trog
  7634 | D:8      | Reached XP level 10. HP: 63/63 MP: 10/10
  7643 | D:8      | Killed Erica
  7741 | D:8      | Noticed a two-headed ogre
  7748 | D:8      | Killed a two-headed ogre
  7748 | D:8      | Reached skill level 10 in Axes
  7748 | D:8      | Reached skill level 5 in Stealth
  7899 | D:8      | Noticed Grum
  8435 | D:8      | Found an iron altar of Okawaru.
  8690 | D:8      | Killed Grum
  8954 | D:9      | Found a staircase to the Orcish Mines.
  9523 | D:9      | Reached XP level 11. HP: 64/69 MP: 11/11
  9603 | D:9      | Found a roughly hewn altar of Beogh.
  9617 | D:9      | Reached skill level 11 in Axes
  9808 | D:9      | Found Koyr's Food Shoppe.
 10066 | D:10     | Entered Level 10 of the Dungeon
 10190 | D:10     | Received a gift from Trog
 10712 | D:10     | Found a staircase to the Lair.
 10822 | Lair:1   | Entered Level 1 of the Lair of Beasts
 10912 | Lair:1   | Found a runed door.
 10915 | Lair:1   | Noticed bande's ghost (journeyman GrFi)
 11278 | Lair:1   | Reached skill level 12 in Axes
 11563 | Lair:1   | Reached ****** piety under Trog
 11884 | Lair:2   | Received a gift from Trog
 11894 | Lair:2   | Reached XP level 12. HP: 60/77 MP: 12/12
 12292 | Lair:2   | Found a hole to the Spider Nest.
 12568 | Lair:2   | Reached skill level 10 in Fighting
 12793 | Lair:2   | Reached skill level 13 in Axes
 12845 | Lair:2   | Noticed a five-headed hydra
 12850 | Lair:2   | Killed a seven-headed hydra
 13659 | Lair:3   | Found a frozen archway.
 13676 | IceCv    | Entered an ice cave
 13968 | IceCv    | HP: 3/117 [freezing wraith (8)]
 13968 | IceCv    | Mangled by a freezing wraith

Skill      XL: |  1  2  3  4  5  6  7  8  9 10 11 12 |
---------------+-------------------------------------+-----
Axes           | 3 4 5 6 7 9 10 12 13 | 13.5
Fighting       | 4 5 7 8 9 10 | 10.5
Stealth        | 1 2 3 4 5 6 7 |  7.3
Dodging        | 2 3 4 5 6 7 |  7.8
Armour         | 4 |  4.0
Polearms       | |  0.2

Action                   |  1- 3 |  4- 6 |  7- 9 | 10-12 || total
-------------------------+-------+-------+-------+-------++-------
Melee: Hand axe          |   119 |   212 |   128 |       ||   459
       War axe           |       |       |   257 |   391 ||   648
       Trident           |       |       |       |     4 ||     4
       Battleaxe         |       |       |       |   126 ||   126
Invok: Berserk           |     2 |     3 |     7 |    14 ||    26
       Brothers in Arms  |       |       |       |     1 ||     1
  Use: Scroll            |       |       |    13 |    10 ||    23
 Stab: Sleeping          |     1 |     1 |     2 |    17 ||    21
       Distracted        |       |       |     2 |     1 ||     3
  Eat: Chunk             |     3 |     8 |    11 |    31 ||    53
       Ration            |       |       |     3 |     1 ||     4
Armor: Animal skin       |    47 |    69 |   143 |       ||   259
       Ring mail         |       |       |    35 |     2 ||    37
       Robe              |       |       |       |   222 ||   222
Dodge: Dodged            |    75 |   132 |   262 |   424 ||   893
